AoeStats
← ElpeluquerodeCapoch

African Clearing

510346588Analyzed
3v3 RM · 2d ago on Sep 30, 2026· 39m 29s· 6 players
Game mode
Random Map
Map size
Normal (6 player)
Population
200
Speed
Normal
Resources
Standard
Victory
Conquest
Starting age
Dark Age
Ending age
Imperial Age
RankedLock teamsTeams togetherTeam positionsShared explorationLock speedFull tech treeHidden civsTurbo modeCheats
Victory
Defeat
🇦🇷 Persians · Argentina
1606
+8
🇦🇷 Saxons · Argentina
1419
+14
🇦🇷 Varangians · Argentina
1403
+15
🇨🇿 Maya · Czechia
1453
-15
🇨🇳 Berbers · China
1415
-13
🇳🇱 Mapuche · Netherlands
1297
-9
Kez
14:41 Feudal Age
12:58 Loom
14:44 Feudal Age
22:47 Castle Age
22:51 Double-Bit Axe
23:51 Fletching
39:15 Wheelbarrow
fall
3:40 Loom
14:13 Feudal Age
17:19 Town Watch
18:10 Double-Bit Axe
19:38 Fletching
28:19 Padded Archer Armor
35:28 Castle Age
35:30 Crossbowman
36:40 Bodkin Arrow
SunnY
5:19 Loom
24:36 Feudal Age
26:04 Fletching
35:51 Castle Age
34:40 Double-Bit Axe
34:36 Horse Collar
34:48 Gold Mining
37:01 Bodkin Arrow
37:19 Bow Saw
37:58 Padded Archer Armor
Enlassombras
11:51 Loom
14:26 Feudal Age
18:02 Castle Age
17:54 Double-Bit Axe
19:16 Bow Saw
19:04 Town Watch
19:57 Wheelbarrow
22:13 Horse Collar
24:47 Hand Cart
26:42 Heavy Plow
28:22 Gold Mining
28:23 Stone Mining
30:15 Husbandry
30:25 Bloodlines
30:22 Scale Barding Armor
30:28 Forging
33:34 Imperial Age
32:09 Chain Barding Armor
33:47 Vendel Legacy
34:04 Cavalier
37:00 Plate Barding Armor
37:01 Iron Casting
36:40 Fletching
38:26 Conscription
40:26 Blast Furnace
39:22 Bodkin Arrow
ElpeluquerodeCapoch
10:08 Loom
12:29 Feudal Age
12:50 Man-at-Arms
15:52 Wheelbarrow
15:02 Town Watch
15:05 Double-Bit Axe
16:36 Fletching
17:31 Scale Mail Armor
18:49 Horse Collar
26:54 Castle Age
28:01 Bodkin Arrow
28:59 Bow Saw
32:12 Guard Tower
33:49 Heavy Plow
36:26 Ballistics
38:01 Hand Cart
gabi98bac
3:30 Loom
27:39 Feudal Age
35:26 Double-Bit Axe
Connection lost

Rejoining the realm…

Still unreachable

The connection could not be restored.

Session expired

The server has moved on; the page needs a fresh start.